 Dungeon Crawl Stone Soup version 0.14-a0-1585-g835621a (webtiles) character file.

337 HollowCharge the Cudgeler (level 6, -2/65 HPs)
             Began as an Ogre Gladiator on Dec 22, 2013.
             Slain by a gnoll
             ... wielding a +0,+0 spear
              (5 damage)
             ... on Level 3 of the Dungeon.
             The game lasted 00:14:23 (2665 turns).

HollowCharge the Cudgeler (Ogre Gladiator)          Turns: 2665, Time: 00:14:24

HP  -2/65        AC  3     Str 23      XL: 6   Next:  0%
MP   6/6         EV 11     Int 10      God:
Gold 113         SH  0     Dex 10      Spells:  0 memorised,  5 levels left

rFire  . . .     SeeInvis .     e - +2,+0 mace
rCold  . . .     Clarity  .     b - +0 animal skin
rNeg   . . .     Conserve .     (shield restricted)
rPois  .         rCorr    .     (helmet restricted)
rElec  .         rRot     .     (no cloak)
SustAb . .       Spirit   .     (gloves unavailable)
rMut   .         Warding  .     (boots unavailable)
Saprov + . .     Stasis   .     (no amulet)
                                (no ring)
                                g - cursed +1 ring of intelligence

@: exhausted, slowed, very slow, slightly resistant to hostile enchantments,
unstealthy
A: unfitting armour, horns 1, berserk 1, clever 1, fast metabolism 1, saprovore
1, tough skin 1
a: no special abilities


You were on level 3 of the Dungeon.
You were very hungry.

You visited 1 branch of the dungeon, and saw 3 of its levels.

You collected 113 gold pieces.

Inventory:

Hand weapons
 a - a +1,+0 mace
 e - a +2,+0 mace (weapon)
Missiles
 d - 3 throwing nets (quivered)
Armour
 b - a +0 animal skin (worn)
 c - a +0 cap
Comestibles
 f - 3 meat rations
 h - 2 bread rations
 j - 2 apples
Jewellery
 g - a cursed +1 ring of intelligence (left hand)
Potions
 k - a potion of cure mutation {unknown}
 l - a potion of resistance {unknown}


   Skills:
 + Level 4.8 Fighting
 + Level 5.9 Maces & Flails
 - Level 2.2 Throwing
 + Level 4.0 Dodging


You had 5 spell levels left.
You didn't know any spells.

Dungeon Overview and Level Annotations

Branches:
Dungeon (3/16)

Altars:


Innate Abilities, Weirdness & Mutations

You are too large for most types of armour.
You have a fast metabolism.
You can tolerate rotten meat.
You have tough skin (AC +1).
You have a pair of small horns on your head.
You tend to lose your temper in combat.
Your mind is acute. (Int +2)


Message History

The gnoll throws a stone.
The stone hits you!
Things that are here:
a quarterstaff; 7 gold pieces You feel a strong urge to attack something.
The gnoll barely misses you.
You feel your anger subside.
You are no longer berserk.
You are exhausted.
You feel yourself slow down.
You are feeling very hungry.
The gnoll hits you with a spear.
You hit the gnoll but do no damage. The gnoll hits you with a spear.
You closely miss the gnoll. The gnoll hits you with a spear!
* * * LOW HITPOINT WARNING * * *
The gnoll hits you with a spear!
* * * LOW HITPOINT WARNING * * *
You hit the gnoll.
The gnoll is lightly wounded.
The gnoll hits you with a spear.
You die...

.g.........# #.###.#####.....
...........#######.# #.# #.....
...................# #.# #.....
....g..............###.#####.....
.........................%.......
...................###.#########.
......>####........# #.# .
#.##...####........###.#########.
............[..g@..))......^.....
..g...)####........##(..#########
≈≈≈.#### #........##...#
.⌠≈.#################...#
≈...............).......#
....#################...# #####
#####


You could see a gnoll.

Vanquished Creatures
  The ghost of mopl the Charmwright, an average HESk (D:3)
  3 gnolls (D:3)
  2 adders
  A giant mite (D:1)
  A worm (D:3)
  2 ball pythons
  7 bats
  5 giant cockroaches
  4 hobgoblins
  4 jackals (D:1)
  8 kobolds
  2 giant newts
  9 goblins
  5 rats
  A plant (D:3)
55 creatures vanquished.

Notes
Turn   | Place    | Note
--------------------------------------------------------------
     0 | D:1      | HollowCharge, the Ogre Gladiator, began the quest for the Orb.
     0 | D:1      | Reached XP level 1. HP: 22/22 MP: 1/1
   421 | D:1      | Gained mutation: Your mind is acute. (Int +2) [potion of mutation]
   421 | D:1      | Gained mutation: You tend to lose your temper in combat. [potion of mutation]
   421 | D:1      | Gained mutation: You have a pair of small horns on your head. [potion of mutation]
   458 | D:1      | Reached XP level 2. HP: 23/29 MP: 2/2
   864 | D:1      | Reached XP level 3. HP: 26/37 MP: 3/3
  1775 | D:3      | Reached XP level 4. HP: 44/46 MP: 4/4
  1968 | D:3      | Noticed a giant goldfish
  1988 | D:3      | Noticed a giant goldfish
  2201 | D:3      | Noticed mopl's ghost (average HESk)
  2237 | D:3      | Killed mopl's ghost
  2237 | D:3      | Reached skill level 5 in Maces & Flails
  2237 | D:3      | Reached XP level 5. HP: 3/55 MP: 5/5
  2655 | D:3      | Reached XP level 6. HP: 47/65 MP: 6/6
  2664 | D:3      | HP: 3/65 [gnoll/spear (9)]
  2665 | D:3      | Slain by a gnoll

Action                   |  1- 3 |  4- 6 || total
-------------------------+-------+-------++-------
Melee: Mace              |   132 |    53 ||   185
  Use: Scroll            |     5 |     2 ||     7
       Potion            |     3 |     2 ||     5
